AoeStats
← Infadel

Golden Pit

507204026Analyzed
1v1 RM · 16d ago on Sep 17, 2026· 37m 4s· 2 players
Game mode
Random Map
Map size
Tiny (2 player)
Population
200
Speed
Normal
Resources
Standard
Victory
Conquest
Starting age
Dark Age
Ending age
Imperial Age
RankedLock teamsTeams togetherTeam positionsShared explorationLock speedFull tech treeHidden civsTurbo modeCheats
Victory
Defeat
🇨🇴 Mongols · Colombia
1043
+42
🇮🇳 Mongols · India
1087
-18
Alejandro
2:04 Loom
10:00 Feudal Age
17:54 Wheelbarrow
17:07 Double-Bit Axe
18:17 Scale Mail Armor
18:16 Horse Collar
19:49 Forging
20:18 Scale Barding Armor
20:16 Gold Mining
21:46 Bloodlines
25:18 Castle Age
27:02 Fletching
29:31 Padded Archer Armor
31:22 Leather Archer Armor
33:05 Ballistics
33:30 Bodkin Arrow
Infadel
9:51 Feudal Age
8:06 Loom
11:03 Double-Bit Axe
15:44 Forging
17:34 Scale Barding Armor
22:35 Castle Age
20:57 Bloodlines
22:02 Gold Mining
22:27 Stone Mining
23:12 Light Cavalry
24:41 Bow Saw
28:06 Wheelbarrow
27:17 Town Watch
29:39 Iron Casting
33:06 Stone Shaft Mining
33:17 Horse Collar
35:10 Gold Shaft Mining
34:48 Fletching
35:24 Bodkin Arrow
36:10 Padded Archer Armor
Connection lost

Rejoining the realm…

Still unreachable

The connection could not be restored.

Session expired

The server has moved on; the page needs a fresh start.